 Dungeon Crawl Stone Soup version 0.17.1-3-g152610e (webtiles) character file.

44 Gargoyl the Skirmisher (level 3, -1/29 HPs)
             Began as a Demonspawn Abyssal Knight on Mar 12, 2016.
             Was a Believer of Lugonu.
             Slain by a gnoll
             ... wielding a cursed -2 spear
              (3 damage)
             ... on level 1 of the Dungeon.
             The game lasted 00:03:35 (1426 turns).

Gargoyl the Skirmisher (Demonspawn Abyssal Knight)  Turns: 1426, Time: 00:03:35

Health: -1/29      AC:  4    Str: 13    XL:     3   Next: 39%
Magic:  5/5        EV: 11    Int: 18    God:    Lugonu [**....]
Gold:   79         SH:  0    Dex: 12    Spells: 0 memorised, 2 levels left

rFire  . . .     SeeInvis .     a - +1 hand axe
rCold  . . .     Clarity  .     b - +0 leather armour
rNeg   . . .     SustAt   .     (no shield)
rPois  .         Gourm    .     (no helmet)
rElec  .         Spirit   .     (no cloak)
rCorr  .         Warding  .     (no gloves)
rMut   .         Stasis   .     (no boots)
MR     .....                    (no amulet)
Stlth  ++........               (no ring)
                                (no ring)

@: brilliant, not resistant to hostile enchantments, unstealthy
A: molten scales 1, nightstalker 1
a: Depart the Abyss, Bend Space, Renounce Religion


You were on level 1 of the Dungeon.
You worshipped Lugonu.
Lugonu was pleased with you.
You were not hungry.

You visited 1 branch of the dungeon, and saw 2 of its levels.
You visited the Abyss 1 time.

You collected 79 gold pieces.

Inventory:

Hand Weapons
 a - a +1 hand axe (weapon)
Missiles
 d - 4 tomahawks of returning (quivered)
Armour
 b - a +0 leather armour (worn)
Scrolls
 f - 2 scrolls of noise {unknown}
 j - a scroll of enchant weapon {unknown}
 k - a scroll of fog {unknown}
Potions
 l - a potion of invisibility {unknown}
Comestibles
 c - a bread ration
 h - a slice of pizza


   Skills:
 + Level 3.4 Fighting
 + Level 2.0 Axes
 + Level 2.0 Armour
 + Level 1.6 Dodging
 + Level 3.0 Invocations


You had 2 spell levels left.
You didn't know any spells.

Dungeon Overview and Level Annotations

Branches:
Dungeon (2/15)

Altars:


Innate Abilities, Weirdness & Mutations

You are partially covered in molten scales (AC +1).
You are slightly more attuned to the shadows.


Message History

It was a potion of brilliance.
You feel clever all of a sudden. The gnoll hits you with a club.
* * * LOW HITPOINT WARNING * * *
The gnoll hits you with an enchanted spear.
* * * LOW HITPOINT WARNING * * *
Drink which item? (? for menu, Esc to quit)
You feel better. The gnoll hits you with a club!
* * * LOW HITPOINT WARNING * * *
The gnoll hits you but does no damage.
You hit the gnoll.
The gnoll is lightly wounded.
You hit the gnoll.
The gnoll is heavily wounded.
The gnoll hits you but does no damage. The gnoll hits you with a club.
* * * LOW HITPOINT WARNING * * *
Drink which item? (? for menu, Esc to quit)
It was a potion of cure mutation.
It has a very clean taste.
The gnoll hits you with an enchanted spear.
You die...

### ########## ..# ##.....g..##
###### ..# #.......@..# #....#
..# ####.......g..###### #....#
..# #...#..............###....#
..# #...####..########.##.....##
..# #...####.#########.........#
.## ###.............#...........
.# #...............####.....#
.########..............# #####..
.##....................#####.....


You could see 2 gnolls.

Vanquished Creatures
  An adder (D:2)
  7 giant cockroaches (D:1)
  2 hobgoblins (D:1)
  2 quokkas (D:2)
  3 bats
  A giant gecko (D:1)
  2 giant newts (D:1)
  3 goblins (D:1)
  2 jackals (D:1)
  3 kobolds (D:1)
  10 rats
36 creatures vanquished.

Notes
Turn   | Place    | Note
--------------------------------------------------------------
     0 | Abyss:1  | Gargoyl the Demonspawn Abyssal Knight began the quest for the Orb.
     0 | Abyss:1  | Reached XP level 1. HP: 18/18 MP: 2/2
    77 | Abyss:1  | Noticed a wretched star
    77 | D:1      | Escaped the Abyss
   115 | D:1      | Reached skill level 1 in Dodging
   157 | D:1      | Reached * piety under Lugonu
   349 | D:1      | Gained mutation: You are partially covered in molten scales (AC +1). [demonic ancestry]
   349 | D:1      | Reached XP level 2. HP: 21/24 MP: 4/4
   997 | D:1      | Gained mutation: You are slightly more attuned to the shadows. [demonic ancestry]
   997 | D:1      | Reached XP level 3. HP: 27/29 MP: 5/5
  1060 | D:2      | Reached ** piety under Lugonu
  1426 | D:1      | Slain by a gnoll

Action                   || total
-------------------------++-------
Melee: Hand axe          ||   112
Throw: Tomahawk          ||     4
Invok: Depart the Abyss  ||     1
  Use: Potion            ||     4
 Stab: Sleeping          ||     1
  Eat: Chunk             ||     2
